[Event "*** Qualifier 1: Titled Tuesday 3|2 Blitz"]
[Site "Chess.com"]
[Date "2017.04.04"]
[Round "4"]
[White "gumersindo"]
[Black "DryCounty"]
[Result "1/2-1/2"]
[WhiteElo "2308"]
[BlackElo "2462"]
[TimeControl "180+2"]
[EndTime "13:51:45 PDT"]
[Termination "Game drawn by repetition"]

1. d4 Nf6 2. c4 g6 3. Nc3 Bg7 4.
e4 d6 5. h3 O-O 6. Be3 Nbd7 7.
Bd3 c5 8. d5 Ne5 9. Be2 a6 10. a4 Re8 11. Nf3 Nxf3+ 12. Bxf3 e6 13. O-O exd5 14. exd5 Bf5 15. Qd2 Ne4 16. Bxe4 Bxe4 17.
Rfe1 Bf5 18. Bf4 Rxe1+ 19. Rxe1 h5 20. Ne4 Bxe4 21. Rxe4 Qd7 22. b3 b5 23. axb5 axb5 24. Qe2 Bf6 25. g4 hxg4 26. hxg4 g5 27. Bg3 b4 28. Kg2 Kg7 29. Qf3 Ra2 30. Re2 Ra3 31.
Re3 Bd4 32. Re4 Bc3 33. Qe3 Bf6 34. Qf3 Ra1 35. Re2 Rb1 36. Rd2 Rc1 37. Rd1 Rc3 38.
Rd3 Qe7 39. Re3 Rxe3 40. Qxe3 Qd7 41. f3 Kh6 42. Qe1 Kg7 43. Qe4 Qe7 44. Qxe7 Bxe7 45.
Kf2 Kg6 46. Ke3 f5 47. gxf5+ Kxf5 48. Bh2 Bf8 49. Kd3 Be7 50. Ke3 Bf8 51. Kd3 Be7 52.
Ke3 1/2-1/2

[Event "*** Qualifier 1: Titled Tuesday 3|2 Blitz"]
[Site "Chess.com"]
[Date "2017.04.04"]
[Round "4"]
[White "GianmarcoVaR"]
[Black "HansCoolNiemann"]
[Result "0-1"]
[WhiteElo "2405"]
[BlackElo "2315"]
[TimeControl "180+2"]
[EndTime "13:51:45 PDT"]
[Termination "HansCoolNiemann won on time"]

1. d4 Nf6 2. Nf3 g6 3. Bg5 Bg7 4. Nbd2 d5 5. e3 O-O 6. Be2 h6 7. Bh4 c5 8. c3 b6 9. a4 Nc6 10. O-O g5 11. Bg3 Nh5 12. Bb5 Bb7 13. Bxc6 Bxc6 14. Ne5 Bxe5 15. Bxe5 Ng7 16. b4 f6 17. Bg3 cxb4 18. cxb4 Be8 19. Qb3 Rc8 20. Rfc1 Bf7 21. b5 Qd7 22. Qb2 h5 23. h3 h4 24. Bh2 Bg6 25.
Rxc8 Rxc8 26. Rc1 Kf7 27. Rc3 a6 28. Rxc8 Qxc8 29. f3 axb5 30. axb5 Ne6 31. Kf2 Bd3 32. Qb3 Bh7 33. Qxd5 Qc2 34. Ke1 Qc1+ 35. Ke2 Bc2 36. Ne4 Qd1+ 37. Kf2 Bd3 0-1

[Event "*** Qualifier 1: Titled Tuesday 3|2 Blitz"]
[Site "Chess.com"]
[Date "2017.04.04"]
[Round "4"]
[White "wonderfultime"]
[Black "amaidel"]
[Result "1-0"]
[WhiteElo "2666"]
[BlackElo "2480"]
[TimeControl "180+2"]
[EndTime "13:51:53 PDT"]
[Termination "wonderfultime won by resignation"]

1. d4 d5 2. c4 c6 3. Nc3 Nf6 4. e3 a6 5. Nf3 e6 6. Qc2 Be7 7. b3 O-O 8. Bb2 c5 9. Rd1 cxd4 10. Nxd4 Qc7 11. cxd5 exd5 12. Be2 Nc6 13. O-O Nxd4 14.
Rxd4 Be6 15. Bf3 Rac8 16. Qb1 Rfd8 17. Rc1 Qb8 18. Rdd1 Bd6 19. h3 Bh2+ 20. Kh1 Be5 21. Ne2 Ne4 22. Bxe4 dxe4 23. Qa1 Bxb2 24. Qxb2 Rxc1 25.
Rxc1 Qd6 26. Ng3 Qd5 27. Kh2 h5 28. Rc4 Qd1 29. Rxe4 Rd2 30. Qe5 g6 31. Qf6 Rxa2 32. Rd4 Rd2 33. Qd8+ 1-0

[Event "*** Qualifier 1: Titled Tuesday 3|2 Blitz"]
[Site "Chess.com"]
[Date "2017.04.04"]
[Round "4"]
[White "Goala"]
[Black "ruvat"]
[Result "1-0"]
[WhiteElo "2252"]
[BlackElo "2237"]
[TimeControl "180+2"]
[EndTime "13:51:54 PDT"]
[Termination "Goala won on time"]

1. d4 d6 2. c4 e5 3. Nf3 e4 4. Ng5 Nf6 5. Nc3 Qe7 6. g3 h6 7. Nh3 g6 8. Bg2 Bg7 9. Nf4 c6 10. h4 O-O 11. b3 Na6 12. Bb2 Bf5 13. a3 Nc7 14. e3 a6 15. d5 c5 16. Bh3 Bxh3 17. Rxh3 b5 18. g4 bxc4 19. bxc4 Rab8 20. Rb1 Nxg4 21. Qc2 Ne5 22. Nxe4 Nf3+ 23. Rxf3 Bxb2 24.
Rxb2 Rxb2 25. Qxb2 Qxe4 26. Rg3 Re8 27. Nxg6 fxg6 28.
Qf6 Qb1+ 29. Ke2 Qc2+ 30. Ke1 Qc1+ 31. Ke2 Qxc4+ 32. Ke1 Qc1+ 33. Ke2 Qc2+ 34. Ke1 Qc1+ 35. Ke2 Qc2+ 36. Kf1 Qd3+ 37. Kg1 g5 38. hxg5 h5 39. g6 Qxd5 40. Rg5 Qe6 41. Qf3 1-0

[Event "*** Qualifier 1: Titled Tuesday 3|2 Blitz"]
[Site "Chess.com"]
[Date "2017.04.04"]
[Round "4"]
[White "SantoBlue"]
[Black "MITerryble"]
[Result "1-0"]
[WhiteElo "2552"]
[BlackElo "2728"]
[TimeControl "180+2"]
[EndTime "13:51:56 PDT"]
[Termination "SantoBlue won by resignation"]

1. Nf3 Nf6 2. c4 e6 3. g3 b6 4. Bg2 Bb7 5. O-O Be7 6. b3 O-O 7. Bb2 c5 8. e3 d5 9. Nc3 Ne4 10. Ne2 dxc4 11. bxc4 Bf6 12. Bxf6 Nxf6 13. d3 Nc6 14. a3 Qc7 15. Nc3 Rad8 16. Qe2 Ng4 17. Ne1 Nf6 18. f4 Na5 19. g4 Rfe8 20. g5 Bxg2 21.
Qxg2 Nd7 22. Ne4 Nf8 23. h4 Ng6 24. h5 Nh4 25. Qh3 Nf5 26. Rf2 Nb7 27. h6 Rf8 28. hxg7 Kxg7 29. Rh2 Rh8 30. Raa2 h5 31. Nf6 h4 32.
Rag2 a6 33. Qg4 Nxe3 34. Qf3 Nxg2 35. Nxg2 h3 36. Nh5+ Kf8 37. Rxh3 Nd6 38. Ne3 Qb7 39. Qe2 Nf5 40. Ng4 Nd4 41. Qe3 Ke7 42. Ne5 Nf5 43. Qe2 Nd4 44. Qg4 Nf5 45. g6 Rdg8 46. Nxf7 Qd7 47.
Qg5+ Ke8 48. Nf6+ 1-0

[Event "*** Qualifier 1: Titled Tuesday 3|2 Blitz"]
[Site "Chess.com"]
[Date "2017.04.04"]
[Round "4"]
[White "GMMelik"]
[Black "donotreadit"]
[Result "1-0"]
[WhiteElo "2482"]
[BlackElo "2487"]
[TimeControl "180+2"]
[EndTime "13:52:02 PDT"]
[Termination "GMMelik won by resignation"]

1. e4 c5 2. Nf3 e6 3. d4 cxd4 4.
Nxd4 Nc6 5. Nc3 Qc7 6. Be2 a6 7. O-O Nf6 8. Be3 Bb4 9. Na4 Be7 10. Nxc6 bxc6 11. Nb6 Rb8 12. Nxc8 Qxc8 13. e5 Nd5 14. Bd4 c5 15. c4 cxd4 16. cxd5 Rxb2 17. d6 Bd8 18. Rc1 Qb7 19. Bc4 Bb6 20. Qd3 O-O 21.
Rb1 Bc5 22. Bxa6 Qb4 23. Rfc1 Ba7 24. Rxb2 Qxb2 25. Rc7 Qa1+ 26. Qf1 Qxf1+ 27. Kxf1 Bb8 28. Rxd7 f6 29. Bc4 fxe5 30. Bxe6+ Kh8 31. a4 d3 32.
a5 e4 33. Ke1 Rc8 34. a6 h5 35.
Rc7 Rxc7 36. dxc7 Bxc7 37. a7 Ba5+ 38. Kd1 e3 39. a8=Q+ 1-0

[Event "*** Qualifier 1: Titled Tuesday 3|2 Blitz"]
[Site "Chess.com"]
[Date "2017.04.04"]
[Round "4"]
[White "yian123"]
[Black "scrapnel"]
[Result "1-0"]
[WhiteElo "2417"]
[BlackElo "2301"]
[TimeControl "180+2"]
[EndTime "13:52:05 PDT"]
[Termination "yian123 won on time"]

1. e4 c5 2. Nf3 d6 3. d4 cxd4 4.
Nxd4 Nf6 5. Nc3 a6 6. Be3 e5 7.
Nf3 Qc7 8. a4 h6 9. Be2 Be6 10. a5 Qc6 11. Ra4 Be7 12. O-O O-O 13. h3 Nbd7 14. Re1 Rfc8 15. Bd3 Nc5 16. Bxc5 Qxc5 17. Nd2 Bd8 18. Nc4 Bd7 19. b4 Qd4 20. Ne2 Qa7 21. Ra3 Nxe4 22. Nb6 Nf6 23. Nxc8 Rxc8 24.
Ng3 Qd4 25. Bf5 Qxd1 26. Rxd1 Bxf5 27. Nxf5 d5 28. c3 Kf8 29. Ne3 d4 30. cxd4 exd4 31.
Rxd4 Be7 32. Rb3 Rc1+ 33. Rd1 Rc6 34. b5 axb5 35. Rxb5 Rc7 36. Rdb1 1-0

[Event "*** Qualifier 1: Titled Tuesday 3|2 Blitz"]
[Site "Chess.com"]
[Date "2017.04.04"]
[Round "4"]
[White "GMHess"]
[Black "Sanan_Sjugirov"]
[Result "0-1"]
[WhiteElo "2601"]
[BlackElo "2704"]
[TimeControl "180+2"]
[EndTime "13:52:05 PDT"]
[Termination "Sanan_Sjugirov won by resignation"]

1. d4 Nf6 2. c4 e6 3. Nc3 Bb4 4.
Qc2 d5 5. a3 Bxc3+ 6. Qxc3 O-O 7. Bg5 c5 8. cxd5 cxd4 9. Qxd4 Nc6 10. Qc3 exd5 11. Bxf6 gxf6 12. Rd1 d4 13. Qc5 Be6 14. Nf3 Rc8 15. Nxd4 Nxd4 16. Qxd4 Qa5+ 17. Qd2 Qa4 18. Qd4 Qa5+ 19. Qd2 Qf5 20. g4 Qxg4 21. Qe3 Kh8 22.
h3 Qg6 23. Qd3 Bf5 24. Qg3 Qh6 25. Qe3 Qg7 26. Qg3 Bg6 27. h4 h5 28. Bh3 Rc2 29. O-O Rxe2 30. b4 Rg8 31. Rd7 Qh6 32. Kh2 Be4 33. Qxg8+ Kxg8 34. Rd8+ Kg7 35. Rg1+ Bg6 36. Rg2 0-1

[Event "*** Qualifier 1: Titled Tuesday 3|2 Blitz"]
[Site "Chess.com"]
[Date "2017.04.04"]
[Round "4"]
[White "GeorgMeier"]
[Black "rithwik2002"]
[Result "1-0"]
[WhiteElo "2712"]
[BlackElo "1806"]
[TimeControl "180+2"]
[EndTime "13:52:06 PDT"]
[Termination "GeorgMeier won on time"]

1. Nf3 Nf6 2. g3 e6 3. Bg2 d5 4. O-O a6 5. d4 b5 6. Bg5 Nbd7 7. Ne5 Bb7 8. Nd2 Be7 9. Nxd7 Qxd7 10. Nb3 O-O 11.
Na5 c6 12. c3 h6 13. Bxf6 Bxf6 14. e4 Be7 15. b4 Bd8 16. Nb3 Be7 17. a4 Rfc8 18. Qe2 a5 19. Nxa5 Ba6 20. axb5 Bxb5 21. Qg4 Bxf1 22. Rxf1 dxe4 23. Qxe4 Rab8 24. Nxc6 Rb6 25. d5 Bf6 26. c4 exd5 27. cxd5 Re8 28. Qc4 Kh7 29. Bf3 g6 30. Kg2 Bg7 31. Rd1 Rc8 32. b5 Qd6 33. h4 h5 34. Qe2 Ra8 35.
Rd2 Ra1 36. Qc4 1-0

[Event "*** Qualifier 1: Titled Tuesday 3|2 Blitz"]
[Site "Chess.com"]
[Date "2017.04.04"]
[Round "4"]
[White "biveklama"]
[Black "dolynachess"]
[Result "1-0"]
[WhiteElo "2196"]
[BlackElo "2301"]
[TimeControl "180+2"]
[EndTime "13:52:08 PDT"]
[Termination "biveklama won by resignation"]

1. e4 e6 2. d4 d5 3. Nc3 Bb4 4.
Ne2 dxe4 5. a3 Be7 6. Nxe4 Nd7 7. N2g3 Ngf6 8. Bd3 c5 9. Be3 Nd5 10. Qh5 Nxe3 11.
fxe3 cxd4 12. exd4 Nf6 13. Nxf6+ Bxf6 14. O-O-O Bd7 15.
Be4 Qb6 16. c3 Rc8 17. Rhf1 Ba4 18. Rde1 Qxd4 19. Qf3 b6 20. Nh5 Ke7 21. Nxg7 Rxc3+ 22. bxc3 Rc8 23. Nf5+ exf5 24. Bxf5+ Kf8 25. Bxc8 Qc5 26. Qxf6 Qxa3+ 27. Kd2 Qb2+ 28. Ke3 Be8 29. Bd7 Qxg2 30. Bxe8 Qh3+ 31. Rf3 Qh6+ 32. Qxh6+ 1-0

[Event "*** Qualifier 1: Titled Tuesday 3|2 Blitz"]
[Site "Chess.com"]
[Date "2017.04.04"]
[Round "4"]
[White "davidarenas1224"]
[Black "Cryptochess"]
[Result "1-0"]
[WhiteElo "2320"]
[BlackElo "2419"]
[TimeControl "180+2"]
[EndTime "13:52:11 PDT"]
[Termination "davidarenas1224 won by resignation"]

1. e4 d6 2. d4 Nf6 3. Nc3 g6 4.
f4 Bg7 5. Nf3 c5 6. d5 O-O 7. Bd3 a6 8. a4 e6 9. O-O exd5 10.
exd5 Re8 11. a5 Nbd7 12. Nd2 b5 13. axb6 Nxb6 14. Qf3 Bb7 15. Bc4 Qd7 16. h3 h5 17.
Qd3 Re7 18. Nf3 Rae8 19. Bd2 Ne4 20. Nxe4 Rxe4 21. Bxa6 Bxd5 22. Bb5 Bc6 23. Bxc6 Qxc6 24. f5 Bxb2 25. Rab1 Bg7 26. fxg6 fxg6 27. Ng5 c4 28.
Qf3 Qc5+ 29. Kh1 R4e7 30. Rxb6 Rf8 31. Qxf8+ Bxf8 32. Rb8 c3 33. Rbxf8+ Kg7 34. Ne6+ Kh7 35. Nxc5 cxd2 36. Nd3 Kg7 37. R8f2 Rc7 38. Rxd2 d5 39.
Nf4 d4 1-0

[Event "*** Qualifier 1: Titled Tuesday 3|2 Blitz"]
[Site "Chess.com"]
[Date "2017.04.04"]
[Round "4"]
[White "saraswathii"]
[Black "capatl"]
[Result "1-0"]
[WhiteElo "2180"]
[BlackElo "2339"]
[TimeControl "180+2"]
[EndTime "13:52:12 PDT"]
[Termination "saraswathii won on time"]

1. e4 c5 2. d3 e6 3. Nf3 Nc6 4. g3 d6 5. Bg2 Nf6 6. O-O g6 7. c3 Bg7 8. Qe2 O-O 9. d4 cxd4 10.
cxd4 d5 11. e5 Ne4 12. Nbd2 Nxd2 13. Bxd2 b6 14. Rac1 Qd7 15. h4 Bb7 16. h5 Rfc8 17. hxg6 hxg6 18. Be3 Ne7 19. Nh4 Qa4 20. b3 Ba6 21.
Qd2 Qd7 22. Rfe1 Rxc1 23. Rxc1 Rc8 24. Bh6 Rxc1+ 25. Qxc1 Bh8 26. Qg5 Bd3 27. g4 Nc6 28. Qe3 Bb1 29. Bg5 Bxa2 30. Bf6 Bxf6 31. exf6 Qd8 32. g5 Qd6 33. Bh3 Bb1 34. Bf1 Na5 35. Qc1 Bf5 36. Nxf5 gxf5 37. Qc8+ Kh7 38. Qe8 Kg6 39.
Qg8+ Kh5 40. Be2+ Kh4 41. Qh7+ Kxg5 42. Qg7+ Kf4 43. Qg3+ 1-0

[Event "*** Qualifier 1: Titled Tuesday 3|2 Blitz"]
[Site "Chess.com"]
[Date "2017.04.04"]
[Round "4"]
[White "SmoothAsAHedgehog"]
[Black "RitvarsReimanis"]
[Result "1-0"]
[WhiteElo "2530"]
[BlackElo "2415"]
[TimeControl "180+2"]
[EndTime "13:52:13 PDT"]
[Termination "SmoothAsAHedgehog won by resignation"]

1. Nf3 Nf6 2. c4 e6 3. g3 d5 4.
Bg2 Be7 5. O-O O-O 6. b3 c5 7.
Bb2 Nc6 8. e3 b6 9. Nc3 dxc4 10.
bxc4 Bb7 11. d3 Nb4 12. Ne1 Bxg2 13. Kxg2 Qd7 14. a3 Qb7+ 15. Qf3 Qxf3+ 16. Kxf3 Nc6 17.
Ke2 Rfd8 18. Rd1 Rd7 19. f4 Rad8 20. h3 Nh5 21. Rg1 Nf6 22. g4 Ne8 23. g5 Nd6 24.
h4 Rb7 25. a4 a6 26. h5 b5 27. axb5 axb5 28. cxb5 Nxb5 29. Nxb5 Rxb5 30. Bc3 Rb3 31. Rc1 Kf8 32. Rc2 Ra8 33. Nf3 Raa3 34. Rgc1 g6 35. h6 Ke8 36. Nd2 Rb8 37. Nc4 Ra4 38. Nd2 Kd7 39.
Ne4 c4 40. d4 Rb3 41. Bd2 Nb4 42. Bxb4 Rbxb4 43. Nd2 f6 44. gxf6 Bxf6 45. Nxc4 g5 46.
fxg5 Bxg5 47. Ne5+ Ke7 48. Rc7+ Ke8 49. Rg1 Bxh6 50.
Rg8+ Bf8 51. Rc8+ Ke7 52. Rgxf8 Rb2+ 53. Kf3 1-0

[Event "*** Qualifier 1: Titled Tuesday 3|2 Blitz"]
[Site "Chess.com"]
[Date "2017.04.04"]
[Round "4"]
[White "rst2003"]
[Black "justantan"]
[Result "0-1"]
[WhiteElo "2090"]
[BlackElo "2089"]
[TimeControl "180+2"]
[EndTime "13:52:15 PDT"]
[Termination "justantan won by resignation"]

1. e4 e5 2. Nf3 Nc6 3. Bc4 Bc5 4. d3 Nf6 5. Nbd2 d6 6. c3 a6 7. Bb3 O-O 8. h3 Re8 9. Nf1 Be6 10. Bc2 d5 11. Qe2 dxe4 12. dxe4 b5 13. Nh4 Bc4 14. Qf3 h6 15. Nf5 Bf8 16. g4 Nh7 17. h4 Ne7 18. N1g3 Nxf5 19. Nxf5 f6 20. Bd2 b4 21. cxb4 Rb8 22. a3 Be6 23. Rd1 c5 24. bxc5 Rxb2 25. Bc3 Rxc2 26. Rxd8 Rxd8 27. O-O Bc4 28.
Re1 Rd3 29. Re3 Rcxc3 30. c6 Rxe3 31. Nxe3 Be6 32. Qd1 Rxc6 33. Qd8 Rc8 34. Qb6 Kf7 35. Qxa6 Be7 36. a4 Nf8 37. a5 Nd7 38. Nf5 Rc1+ 39. Kg2 Rc7 40. Qb5 Ra7 41. a6 Bxf5 42. gxf5 Nc5 43.
Qc4+ Kf8 44. Qd5 Rxa6 45. f3 Rb6 46. Kg3 Rb8 47. Qc4 Rd8 48. Kg4 Nd3 49. Kh5 Nf4+ 50. Kg4 h5+ 51. Kg3 Rd2 52. Qc8+ Bd8 53. Qc5+ Kg8 54.
Qc4+ Kh7 55. Qf1 Bb6 0-1

[Event "*** Qualifier 1: Titled Tuesday 3|2 Blitz"]
[Site "Chess.com"]
[Date "2017.04.04"]
[Round "4"]
[White "Durarbayli"]
[Black "sergiochess83"]
[Result "0-1"]
[WhiteElo "2621"]
[BlackElo "2679"]
[TimeControl "180+2"]
[EndTime "13:52:19 PDT"]
[Termination "sergiochess83 won by resignation"]

1. e4 e5 2. Nf3 Nc6 3. Bb5 a6 4.
Ba4 Nf6 5. d3 b5 6. Bb3 Bc5 7.
Nc3 O-O 8. Bg5 h6 9. Bh4 Be7 10. O-O d6 11. a4 Rb8 12. axb5 axb5 13. Bxf6 Bxf6 14. Nd5 g6 15. Nxf6+ Qxf6 16. c3 Bg4 17. h3 Bxf3 18. Qxf3 Qxf3 19. gxf3 b4 20. Bd5 Ne7 21. Bc4 Rb7 22. h4 Kg7 23. Ra4 bxc3 24. bxc3 g5 25.
h5 Rfb8 26. Kg2 c6 27. Ra5 Ng8 28. d4 exd4 29. cxd4 Nf6 30. Ra6 Rb6 31. Ra7 d5 32.
Ba2 Nxh5 33. exd5 cxd5 34. Re1 Nf4+ 35. Kg3 R8b7 36. Ra5 Rb5 37. Ra8 Rb4 38. Ree8 Rxd4 39. Rg8+ Kf6 40. Rh8 h5 41. Rh6+ Kg7 42. Rah8 h4+ 43.
Kh2 Rb2 44. R6h7+ Kf6 45. Re8 Rxf2+ 0-1

[Event "*** Qualifier 1: Titled Tuesday 3|2 Blitz"]
[Site "Chess.com"]
[Date "2017.04.04"]
[Round "4"]
[White "daro94"]
[Black "rubhani"]
[Result "1-0"]
[WhiteElo "2716"]
[BlackElo "2416"]
[TimeControl "180+2"]
[EndTime "13:52:21 PDT"]
[Termination "daro94 won by resignation"]

1. d4 Nf6 2. c4 e6 3. Nf3 b6 4. g3 Bb7 5. Bg2 g6 6. Nc3 Bg7 7. d5 O-O 8. O-O Na6 9. Nd4 exd5 10. cxd5 Re8 11. Re1 Nc5 12. Nb3 Nce4 13. Nxe4 Nxe4 14.
f3 Nd6 15. e4 c5 16. f4 Nb5 17.
a4 Nd4 18. Nxd4 Bxd4+ 19. Kh1 d6 20. Rb1 a5 21. b3 Ba6 22. Bb2 Bxb2 23. Rxb2 b5 24.
axb5 Bxb5 25. e5 c4 26. bxc4 Bxc4 27. Qd4 Rc8 28. Rb6 dxe5 29. fxe5 a4 30. d6 Re6 31.
Rb7 Qa5 32. Rc1 Rxe5 33. Re7 Rd5 34. Qf6 Rd2 35. d7 Rd8 36. Re8+ 1-0

[Event "*** Qualifier 1: Titled Tuesday 3|2 Blitz"]
[Site "Chess.com"]
[Date "2017.04.04"]
[Round "4"]
[White "FLchessplayer"]
[Black "micfel"]
[Result "1-0"]
[WhiteElo "2040"]
[BlackElo "2132"]
[TimeControl "180+2"]
[EndTime "13:52:22 PDT"]
[Termination "FLchessplayer won on time"]

1. Nf3 d5 2. g3 c5 3. Bg2 Nc6 4.
O-O e6 5. d3 Nf6 6. Nc3 Be7 7. h3 O-O 8. Re1 b6 9. a3 Bb7 10. e4 dxe4 11. dxe4 Qb8 12. Bf4 e5 13. Be3 Rd8 14. Qe2 Nd4 15. Bxd4 exd4 16. Nd5 Nxd5 17. exd5 Bf8 18. Ng5 Re8 19. Qh5 h6 20. Qxf7+ Kh8 21. Ne6 Re7 22. Qf5 Re8 23. Nf4 Qd6 24. Ng6+ Kg8 25.
Re6 Rxe6 26. dxe6 Bxg2 27. Kxg2 Qc6+ 28. Kg1 Qe8 29. Re1 1-0

[Event "*** Qualifier 1: Titled Tuesday 3|2 Blitz"]
[Site "Chess.com"]
[Date "2017.04.04"]
[Round "4"]
[White "Blitzstream"]
[Black "Zlatan56"]
[Result "0-1"]
[WhiteElo "2502"]
[BlackElo "2657"]
[TimeControl "180+2"]
[EndTime "13:52:26 PDT"]
[Termination "Zlatan56 won by checkmate"]

1. d4 g6 2. h4 Bg7 3. h5 c5 4. c3 Qb6 5. h6 Bf6 6. Nf3 d6 7. dxc5 Qxc5 8. Nbd2 Nc6 9. Ne4 Qb6 10.
Qb3 Bf5 11. Qxb6 axb6 12. Nxf6+ Nxf6 13. Be3 b5 14. Nd4 b4 15. Nxf5 gxf5 16. g3 bxc3 17.
bxc3 Ra3 18. Bg2 Ne4 19. Rb1 Rxa2 20. O-O Nd8 21. Rfc1 O-O 22. Rb5 e6 23. g4 d5 24.
gxf5 Nd6 25. Rb4 Nxf5 26. Rg4+ Kh8 27. Bb6 Nc6 28. e4 dxe4 29. Bxe4 Nxh6 30. Rg5 Rg8 31. Rxg8+ Kxg8 32. Rd1 Rb2 33. Bc5 Nf5 34. Rd7 Kg7 35.
Rc7 Kg6 36. Rc8 h5 37. Rg8+ Kf6 38. Rh8 h4 39. c4 Re2 40. f3 Ng3 41. Bd3 Rd2 42.
Rh6+ Kg7 43. Rh7+ Kg8 44. Bd4 Nxd4 45. Rxh4 Nxf3# 0-1

[Event "*** Qualifier 1: Titled Tuesday 3|2 Blitz"]
[Site "Chess.com"]
[Date "2017.04.04"]
[Round "4"]
[White "AndrewMcStone"]
[Black "indfraeng"]
[Result "0-1"]
[WhiteElo "1995"]
[BlackElo "1765"]
[TimeControl "180+2"]
[EndTime "13:52:26 PDT"]
[Termination "indfraeng won by checkmate"]

1. d4 Nf6 2. c4 c5 3. d5 e6 4. Nc3 exd5 5. cxd5 d6 6. e4 g6 7.
Nge2 Bg7 8. Ng3 a6 9. a4 O-O 10. Be2 Nbd7 11. O-O Ne8 12. Bf4 Qe7 13. Qd2 Nc7 14.
Rab1 Rb8 15. Bg5 f6 16. Be3 b5 17. axb5 axb5 18. b4 c4 19. h3 f5 20. exf5 gxf5 21.
Bd4 Ne5 22. f4 Ng6 23. Nh5 Bxd4+ 24. Qxd4 Ne8 25. Rbe1 Qf7 26. Bd1 Nf6 27. Ng3 Bb7 28. Re6 Nxd5 29. Rxd6 Nxc3 30. Qxc3 Rfd8 31. Rxd8+ Rxd8 32.
Nh5 Rd3 33. Qb2 Nh4 34. Nf6+ Kf8 35. Bf3 Nxf3+ 36. gxf3 Bxf3 37. Rf2 Qg6+ 38. Kf1 Rd1# 0-1

[Event "*** Qualifier 1: Titled Tuesday 3|2 Blitz"]
[Site "Chess.com"]
[Date "2017.04.04"]
[Round "4"]
[White "GMOratovsky"]
[Black "jncool68"]
[Result "0-1"]
[WhiteElo "2336"]
[BlackElo "2528"]
[TimeControl "180+2"]
[EndTime "13:52:32 PDT"]
[Termination "jncool68 won on time"]

1. e4 c5 2. Nf3 d6 3. Bb5+ Nd7 4.
O-O a6 5. Bd3 Ngf6 6. Re1 e6 7.
c3 b5 8. Bc2 c4 9. b3 Bb7 10.
a4 Be7 11. bxc4 bxc4 12. Na3 Rc8 13. Qe2 Qc7 14. d4 cxd3 15. Bxd3 O-O 16. Bxa6 Bxa6 17.
Qxa6 Qxc3 18. Bd2 Qc5 19. Qd3 Ra8 20. a5 d5 21. exd5 Nxd5 22. Rec1 Qd6 23. Nb5 Qa6 24. Qf1 Nc5 25. Nfd4 Rfc8 26. Rab1 Bf6 27. g3 h5 28.
h4 Ne4 29. Be1 g5 30. hxg5 Nxg5 31. Qe2 h4 32. Qg4 hxg3 33. Qxg3 Kg7 34. Bd2 Kg6 35. Qd3+ Kg7 36. Qg3 Rg8 37. Kf1 Kh8 38. Qh4+ Nh7 39. Qh5 Bxd4 40. Rb3 Bf6 41. Rcb1 Rg7 42. Rh3 Rb8 43.
Qe2 Nc7 44. Bh6 Rxb5 45. Bxg7+ Bxg7 46. Rd1 Kg8 47. Rd8+ Nf8 0-1

[Event "*** Qualifier 1: Titled Tuesday 3|2 Blitz"]
[Site "Chess.com"]
[Date "2017.04.04"]
[Round "4"]
[White "AmazingAtlas"]
[Black "Saitama_Hero"]
[Result "0-1"]
[WhiteElo "2278"]
[BlackElo "2194"]
[TimeControl "180+2"]
[EndTime "13:52:33 PDT"]
[Termination "Saitama_Hero won by resignation"]

1. e4 c5 2. Nc3 e6 3. Nf3 Nc6 4.
d4 cxd4 5. Nxd4 Qc7 6. Be3 a6 7.
Bd3 Nf6 8. O-O h5 9. Nf3 Ng4 10. Bg5 Nd4 11. e5 Nxf3+ 12. Qxf3 Nxe5 13. Qe2 Bd6 14. Be4 f5 15. Bxf5 exf5 16. f4 O-O 17. fxe5 Bxe5 18.
Qxh5 d6 19. Kh1 Be6 20. Rf3 f4 21. Rd1 Rac8 22. Rh3 Bxh3 23. Nd5 Bxg2+ 24. Kxg2 Qxc2+ 25. Kh3 Rf7 26. Ne7+ Rxe7 27. Bxe7 Qxb2 28. Qf5 Rc3+ 29. Rd3 Rxd3+ 30. Qxd3 Qc3 31. Qxc3 Bxc3 32. Bxd6 Bd2 33. Kg4 Kf7 34. Kf5 Be3 35. a4 g6+ 36. Ke4 Ke6 37.
Bxf4 Bxf4 38. Kxf4 b5 39. a5 Kd5 40. h4 b4 41. Kg5 b3 42. Kxg6 b2 43. h5 b1=Q+ 44. Kg7 Qf5 45. h6 Qg5+ 46. Kh7 Ke6 0-1

[Event "*** Qualifier 1: Titled Tuesday 3|2 Blitz"]
[Site "Chess.com"]
[Date "2017.04.04"]
[Round "4"]
[White "ohusbands"]
[Black "Grebeniuk-S"]
[Result "1-0"]
[WhiteElo "2228"]
[BlackElo "2409"]
[TimeControl "180+2"]
[EndTime "13:52:36 PDT"]
[Termination "ohusbands won by resignation"]

1. e4 d5 2. exd5 Qxd5 3. Nf3 Nf6 4. d4 Bg4 5. Be2 Nc6 6. c4 Qf5 7. Be3 O-O-O 8. Nbd2 e5 9. d5 Nb4 10. O-O Nc2 11.
Nh4 Nxe3 12. fxe3 Qh5 13. Bxg4+ Nxg4 14. h3 Qxh4 15. hxg4 Bc5 16. Qf3 Rhf8 17. Ne4 Be7 18. Qf5+ Kb8 19. Qxe5 Bd6 20. Nxd6 cxd6 21. Qf4 Qe7 22.
c5 Ka8 23. c6 Qe5 24. Qxe5 dxe5 25. cxb7+ Kxb7 26. e4 Rd6 27. Rac1 Rb6 28. b3 Rb4 29.
Rc4 a5 30. Rfc1 Rxc4 31. bxc4 Kc7 32. c5 Rb8 33. g5 Rb4 34. Rf1 Rxe4 35. Rxf7+ Kc8 36.
c6 Rd4 37. Rd7 e4 38. Kf2 Rd3 39. Ke2 Ra3 40. Rxg7 Rxa2+ 41. Ke3 Rxg2 42. d6 1-0

[Event "*** Qualifier 1: Titled Tuesday 3|2 Blitz"]
[Site "Chess.com"]
[Date "2017.04.04"]
[Round "4"]
[White "proxy6"]
[Black "Th3ChessViking"]
[Result "0-1"]
[WhiteElo "2211"]
[BlackElo "2335"]
[TimeControl "180+2"]
[EndTime "13:52:37 PDT"]
[Termination "Th3ChessViking won by checkmate"]

1. e4 e6 2. d4 d5 3. Nc3 Bb4 4.
e5 Qd7 5. h4 b6 6. a3 Bxc3+ 7.
bxc3 Ba6 8. Bd3 Bxd3 9. cxd3 Ne7 10. h5 h6 11. Rh4 Nbc6 12. Rf4 O-O 13. g4 Kh7 14.
Nh3 Rac8 15. g5 Nf5 16. Qf3 Nce7 17. a4 c5 18. dxc5 bxc5 19. Kf1 d4 20. c4 Rb8 21. Kg1 Rb3 22. Kh2 Rfb8 23. Rg4 Qb7 24. Qf4 Rxd3 25.
gxh6 gxh6 26. Ba3 Qf3 27. Qxf3 Rxf3 28. Bxc5 Rbb3 29. Nf4 Rxf2+ 30. Kg1 Rff3 31. Bxa7 Ne3 32. Rh4 N7f5 33. Ne2 Nxh4 34. Nxd4 Rg3+ 35. Kh2 Rg2+ 36.
Kh3 Rd3 37. Kxh4 Nxc4 38. Rc1 Nxe5 39. a5 Rg5 40. Rf1 Rg4# 0-1

[Event "*** Qualifier 1: Titled Tuesday 3|2 Blitz"]
[Site "Chess.com"]
[Date "2017.04.04"]
[Round "4"]
[White "Osensei"]
[Black "Swarajan"]
[Result "0-1"]
[WhiteElo "1142"]
[BlackElo "1913"]
[TimeControl "180+2"]
[EndTime "13:52:40 PDT"]
[Termination "Swarajan won on time"]

1. e4 c5 2. Nf3 d6 3. d4 cxd4 4.
Nxd4 Nf6 5. Nc3 g6 6. Be3 Bg7 7. f3 Nc6 8. Qd2 O-O 9. Bc4 Bd7 10. O-O-O Rc8 11. Bb3 Ne5 12. h4 h5 13. Kb1 Re8 14.
Bg5 Rc5 15. Rhe1 b5 16. Nd5 Nxd5 17. exd5 a5 18. c3 a4 19. Bc2 Qc7 20. f4 Nc4 21. Qe2 e6 22. dxe6 Bxe6 23. f5 Bxd4 24. Rxd4 Rxf5 25. Ka1 Re5 26. Qf2 Qc5 27. Rxe5 dxe5 28.
Qf6 Qf8 29. Rd1 Qg7 30. Qf3 Rc8 31. Bf6 Qh7 32. Qb7 Rf8 33. Qxb5 Ne3 34. Be4 Nxd1 35. Qxe5 Ne3 36. Bc6 Nf5 0-1

[Event "*** Qualifier 1: Titled Tuesday 3|2 Blitz"]
[Site "Chess.com"]
[Date "2017.04.04"]
[Round "4"]
[White "ZEN-22"]
[Black "FairChess_on_YouTube"]
[Result "0-1"]
[WhiteElo "2337"]
[BlackElo "2727"]
[TimeControl "180+2"]
[EndTime "13:52:45 PDT"]
[Termination "FairChess_on_YouTube won by resignation"]

1. e4 c5 2. d4 cxd4 3. c3 d5 4. exd5 Nf6 5. c4 e5 6. f4 e4 7. Qxd4 Nc6 8. Qf2 Nb4 9. a3 Ng4 10. Qd2 e3 11. Qc3 Qa5 12. Ke2 Bf5 13. h3 Bd3+ 14. Kf3 Bxf1 15. hxg4 Qa6 16. Ne2 Bxe2+ 17. Kxe2 Nxd5 18. Qe5+ Ne7 19. Qb5+ Qxb5 20. cxb5 Nd5 21. Bxe3 Bd6 22. g3 Rc8 23. Rc1 Rxc1 24. Bxc1 h5 25.
gxh5 Rxh5 26. Nc3 Nxc3+ 27. bxc3 Rxb5 28. Kd3 Rd5+ 29. Ke2 Ra5 30. Bb2 b5 31. Rd1 Be7 32. Kf3 Ra4 33. Ra1 f5 34. Bc1 g6 35. Rb1 a6 36.
Rb3 Kd7 37. g4 Ke6 38. g5 Bd6 39. Rb1 Bxa3 40. Bxa3 Rxa3 41. Re1+ Kd6 42. Rd1+ Kc5 43. Rd3 b4 44. Rd8 Rxc3+ 45. Ke2 Rc4 46. Ke3 Re4+ 47.
Kf3 b3 48. Rb8 Rb4 49. Rd8 b2 50. Rc8+ Kb5 0-1